Map: Blackrock LE

Players

SialicAcid

  • Race: Terran Terran
  • League: Diamond

리저브 - Winner!

  • Race: Zerg Zerg

VOD

Have the link to the VOD?

Description

Time

  • Played on: Sept. 22, 2026, 9:48 p.m.
  • Length: 8:01
Show
View Real Time Build Order
Export as new Build Order

SialicAcid Terran 

Build Orders: Reaper Expand, Hellion Banshee 

Get SALT Encoding   

  12  0:01  SCV  
  13  0:13  SCV  
  14  0:19  Supply Depot  
  14  0:25  SCV  
  15  0:40  SCV  
  15  0:42  Barracks  
  16  0:45  Refinery  
  16  0:52  SCV  
  17  1:04  SCV  
  18  1:18  SCV  
  19  1:27  Reaper  
  19  1:30  Orbital Command  
  20  1:39  Command Center  
  20  1:50  Supply Depot  
  20  1:55  SCV  
  20  2:00  Marine  
  22  2:05  Factory  
  22  2:08  SCV  
  23  2:21  SCV  
  24  2:26  Barracks Reactor  
  24  2:33  SCV  
  25  2:38  Command Center  
  25  2:46  SCV  
  25  2:50  Orbital Command  
  26  3:02  Starport  
  26  3:06  Refinery  
  26  3:09  SCV  
  27  3:16  Hellion x2  
  32  3:27  SCV x2  
  33  3:37  Hellion x2  
  33  3:39  SCV  
  38  3:46  Starport Tech Lab  
  38  3:47  Barracks Tech Lab  
  38  3:48  SCV  
  39  3:51  Orbital Command  
  39  3:53  SCV  
  40  3:59  Hellion  
  40  4:00  SCV  
  40  4:01  Hellion  
  45  4:05  SCV, Banshee  
  49  4:14  Cloaking Field  
  49  4:19  Barracks  
  49  4:26  Barracks  
  49  4:32  SCV x2  
  49  4:33  SCV  
  49  4:34  Factory Reactor  
  49  4:38  Refinery, Stimpack  
  52  4:39  Refinery  
  52  4:49  SCV x2  
  52  4:50  SCV, Engineering Bay  
  52  4:51  Engineering Bay  
  55  4:53  Supply Depot  
  55  5:01  SCV  
  55  5:04  Banshee  
  59  5:07  SCV x2  
  61  5:14  Marine, SCV  
  61  5:20  Engineering Bay x2  
  63  5:22  Marine x2  
  65  5:32  Marine  
  65  5:33  SCV x3  
  69  5:45  Supply Depot  
  69  5:46  Marine x4, SCV  
  69  5:48  SCV x2  
  76  5:55  Marine  
  77  6:04  Starport Reactor  
  77  6:06  Marine  
  77  6:07  SCV x3  
  77  6:08  Supply Depot  
  81  6:15  Marine x2  
  76  6:25  Siege Tank  
  76  6:26  Combat Shield  
  76  6:27  Marine  
  74  6:34  Orbital Command  
  74  6:39  Marine x4  
  73  6:44  Medivac x2  
  73  6:45  Marine  
  78  6:49  Barracks  
  78  6:50  Barracks  
  73  7:06  SCV x3, Marine x2  
  73  7:07  Marine  
  77  7:18  Siege Tank, SCV  
  81  7:25  Orbital Command, SCV  
  81  7:28  Armory  
  83  7:30  SCV  
  83  7:33  Refinery  
  83  7:35  Marine x2  
  85  7:43  Barracks Reactor  
Show
View Real Time Build Order
Export as new Build Order

리저브 Zerg - Winner!

Build Orders: Hatch First 

Get SALT Encoding   

  12  0:00  Drone  
  13  0:12  Overlord  
  13  0:17  Drone  
  14  0:30  Drone x2  
  16  0:48  Hatchery  
  15  0:50  Drone  
  15  0:53  Drone  
  17  0:58  Drone  
  18  1:07  Extractor  
  17  1:12  Spawning Pool  
  17  1:15  Drone  
  17  1:18  Drone  
  18  1:29  Drone  
  19  1:39  Drone  
  20  2:00  Queen x2  
  25  2:01  Zergling x6  
  27  2:11  Overlord  
  27  2:12  Drone  
  27  2:14  Metabolic Boost  
  28  2:29  Drone x2  
  30  2:32  Drone  
  30  2:33  Drone  
  32  2:38  Queen  
  32  2:43  Overlord  
  34  2:45  Drone  
  35  2:56  Hatchery  
  35  2:57  Drone  
  35  3:02  Drone  
  36  3:08  Drone x2  
  36  3:09  Drone x2  
  36  3:11  Drone  
  41  3:18  Queen  
  43  3:22  Drone  
  43  3:25  Overlord  
  44  3:35  Overlord  
  44  3:45  Drone x2  
  44  3:46  Drone x6  
  44  3:47  Overlord  
  52  3:54  Overlord  
  52  3:59  Queen  
  52  4:00  Queen  
  56  4:05  Overlord  
  56  4:07  Drone  
  56  4:08  Drone x2  
  59  4:12  Drone x2  
  59  4:14  Drone  
  59  4:16  Drone  
  63  4:19  Drone  
  63  4:23  Drone  
  66  4:24  Drone  
  66  4:31  Lair  
  66  4:32  Drone x3  
  66  4:33  Drone x2  
  66  4:34  Extractor  
  66  4:35  Extractor  
  69  4:41  Drone x2  
  69  4:44  Drone  
  72  4:46  Extractor  
  72  4:47  Roach Warren  
  72  4:49  Drone x4  
  72  4:51  Evolution Chamber  
  72  4:52  Evolution Chamber  
  72  4:53  Drone  
  72  4:54  Drone  
  74  5:00  Drone  
  74  5:04  Zergling x2  
  74  5:05  Zergling x2  
  77  5:10  Spore Crawler x2  
  77  5:11  Zergling x2, Spore Crawler  
  75  5:15  Zergling x4  
  75  5:16  Zergling x2  
  75  5:17  Drone x5  
  75  5:20  Drone x2  
  85  5:22  Drone  
  85  5:24  Hatchery  
  85  5:25  Zerg Ground Armor Level 1  
  85  5:26  Zerg Missile Weapons Level 1  
  85  5:28  Extractor, Drone  
  85  5:29  Extractor  
  85  5:31  Drone x2  
  85  5:33  Glial Reconstitution  
  86  5:36  Overlord  
  86  5:43  Drone x2  
  88  5:50  Overlord  
  88  5:56  Roach  
  88  5:57  Roach x4  
  98  5:59  Overlord  
  98  6:01  Overlord  
  98  6:02  Overlord x2  
  98  6:03  Overlord  
  98  6:04  Overlord  
  98  6:08  Overlord  
  98  6:09  Overseer  
  97  6:12  Roach x3  
  97  6:18  Roach  
  102  6:19  Roach  
  102  6:21  Roach  
  102  6:22  Roach x3  
  112  6:30  Drone x2  
  112  6:32  Drone  
  113  6:36  Drone x4  
  117  6:41  Drone  
  118  6:48  Roach x3  
  118  6:53  Roach  
  125  6:54  Roach  
  125  6:55  Roach  
  125  6:58  Roach  
  129  7:04  Roach x3  
  129  7:05  Roach  
  129  7:08  Roach x3  
  141  7:12  Roach x2  
  141  7:14  Ravager x4  
  141  7:15  Ravager x3, Roach  
  154  7:16  Roach  
  154  7:17  Roach x2  
  154  7:18  Roach  
  162  7:27  Roach x2  
  162  7:28  Overlord x3  
  166  7:31  Roach  
  166  7:32  Overlord x2  
Tags
 
Add a new tag
Caveats
  • Supply blocks, unpowered buildings, or Contaminate may cause inaccurate times.
  • Supply counts are checked every 10 seconds.